 Dungeon Sprint DCSS version 0.30.1-9-gdf580d7c3d (webtiles) character file.

Game seed: 12139750344962854794

23115 Heoruswealwe the Phalangite (level 12, -3/133 HPs)
             Began as a Minotaur Fighter on Oct 3, 2023.
             Was an Initiate of Gozag.
             Slain by Saint Roka
             ... wielding a +2 great sword of electrocution
              (11 damage)
             ... in the Dungeon (Sprint IX: "|||||||||||||||||||||||||||||").
             The game lasted 00:25:18 (2967 turns).

Heoruswealwe the Phalangite (Minotaur Fighter)      Turns: 2967, Time: 00:25:19

Health: -3/133     AC: 29    Str: 29    XL:     12   Next: 69%
Magic:  11/11      EV: 11    Int:  7    God:    Gozag
Gold:   2910       SH:  0    Dex: 15    Spells: 11/11 levels left

rFire   . . .        b - +9 halberd "Fuawn" {freeze, rN+ Int+2}
rCold   . . .        (shield currently unavailable)
rNeg    + . .        c - +6 plate armour of Oblivion {Dex+5}
rPois   .            (helmet restricted)
rElec   .            h - +1 cloak
rCorr   .            f - +0 pair of gloves
SInv    .            (no boots)
Will    .....        (no amulet) Stlth
                     k - +2 ring of evasion
HPRegen 0.42/turn    j - +3 ring of strength
MPRegen 0.12/turn

%: no teleportation
@: no status effects
A: horns 2, retaliatory headbutt
a: Renounce Religion, Potion Petition, Call Merchant, Bribe Branch


You were in the Dungeon.
You worshipped Gozag.
Gozag was most pleased with you.
You visited 1 branch You collected 10760 gold pieces.
You spent 4708 gold pieces at shops.
You paid 3142 gold pieces to Gozag.

Inventory:

Hand Weapons
 a - a +0 trident
 b - the +9 halberd "Fuawn" (weapon) {freeze, rN+ Int+2}
   (You bought it in a shop in the Dungeon)

   Int:       It affects your intelligence (+2).
   rN:        It protects you from negative energy.
 r - a +0 bardiche
Armour
 c - the +6 plate armour of Oblivion (worn) {Dex+5}
   (You found it in the Dungeon)

   Dex:       It affects your dexterity (+5).
 d - a +1 tower shield
 f - a +0 pair of gloves (worn)
 h - a +1 cloak (worn)
Jewellery
 j - a +3 ring of strength (right hand)
 k - a +2 ring of evasion (left hand)
 w - a ring of protection from fire
Wands
 e - a wand of acid (10)
 l - a wand of paralysis (6)
 z - a wand of roots (4)
Scrolls
 i - 3 scrolls of enchant armour
 n - 3 scrolls of blinking
 q - 6 scrolls of enchant weapon
 s - 4 scrolls of identify
Potions
 g - 4 potions of haste
 m - a potion of might
 o - 4 potions of mutation
 A - 2 potions of curing
Miscellaneous
 p - a condenser vane
 t - a phial of floods
 u - a phantom mirror
 v - a box of beasts
 y - a piece from Xom's chessboard (15/15)


   Skills:
 + Level 20.1 Fighting
 * Level 26.9 Polearms
 + Level 20.1 Armour
 - Level 3.6 Shields


You had 11 spell levels left.
You didn't know any spells.
Your spell library was empty.

Dungeon Overview and Level Annotations

Branches:
Dungeon (1/1)

Altars:
Cheibriados
Dithmenos
Elyvilon
Fedhas
Gozag
Hepliaklqana
Kikubaaqudgha
Makhleb
Nemelex Xobeh
Okawaru
Qazlal
Ru
Sif Muna
Trog
Uskayaw
Vehumet
Wu Jian
Xom
Yredelemnul
Zin
The Shining One
Jiyva
Lugonu

Shops:
D **(*(::

Annotations:
D Saint Roka


Innate Abilities, Weirdness & Mutations

You have a pair of horns on your head.
You reflexively headbutt those who attack you in melee.


Message History

You impale the orc warrior!! You freeze the orc warrior.
You kill the orc warrior!
You slice the orc!! You freeze the orc.
You kill the orc!
The orc is distracted by your dazzling golden aura.
Items here: $ )) [[.
You completely miss Saint Roka.
The orc shouts!
You headbutt Saint Roka!
Saint Roka is lightly wounded.
You hear a shout!
Saint Roka hits you with a +2 great sword of electrocution!
You are electrocuted!
You barely miss Saint Roka.
Saint Roka is lightly wounded.
The orc is no longer distracted by gold.
Saint Roka mumbles some strange prayers to Beogh against you.
Beogh smites you!
You barely miss Saint Roka.
Saint Roka is lightly wounded.
Saint Roka hits you with a +2 great sword of electrocution!
You are electrocuted!
You slice Saint Roka!! You freeze Saint Roka.
Saint Roka is moderately wounded.
You slice Saint Roka!! You freeze Saint Roka.
Saint Roka is moderately wounded.
Saint Roka hits you with a +2 great sword of electrocution!!
* * * LOW HITPOINT WARNING * * *
You are electrocuted!!
* * * LOW HITPOINT WARNING * * *
You slice Saint Roka!! You freeze Saint Roka! Your headbutt misses Saint Roka.
Saint Roka is heavily wounded.
Saint Roka hits you but does no damage.
Unknown command.
You feel better.
Saint Roka hits you with a +2 great sword of electrocution!
* * * LOW HITPOINT WARNING * * *
You are electrocuted!
You die...
Your body crumbles into a pile of gold.

,*,*,*,*,*,*,*~▓.▓)▓.▓.▓.▓.▓.▓.▓
,*,*,*,*,*,*,*~▓.▓.▓.▓∩▓.▓.▓.▓)▓
,*,*,*,*,*,*,*~▓.▓.▓.▓.▓.▓)▓.▓)▓
,*,*,*,*,*,*,*,▓.▓.▓.▓∩▓.▓[▓.▓.▓
,*+*,*,*,*,*,*,▓.▓.▓.▓.▓.▓?▓.▓.▓
,*,*,*,*,*,*,*,▓.▓)▓.▓∩▓.▓.▓.▓.▓
,*,*,*,*,*,*,*,▓.▓)▓.▓.▓.▓.▓.▓[▓
,*,*,*,*,*,*,*,▓$▓)▓.▓∩▓.▓.▓.▓[▓
,*,*,*,*,*,*,*+▓@▓)▓.▓.▓.▓.▓.▓.▓
,*,*,*,*,*,*,*,♣o▓.▓.▓.▓.▓.▓.▓)▓
,*,*,*,*,*,*,*,♣o▓)▓.▓.▓.▓.▓.▓?▓
,*,*,*,*,*,*,*,♣o▓'▓.▓!▓.▓.▓.▓!▓
,*,*,*,*,*,*,*,♣o▓.▓.▓[▓.▓'▓.▓'▓
,*,*,*,*,*,*,*,♣.▓.▓.▓'▓.▓.▓.▓_▓
,*,*,*,*,*,*,*,♣.▓?▓.▓.▓.▓.▓.▓_▓
,*,*,*,*,*,*,*,♣.▓?▓.▓.▓.▓.▓.▓_▓
,*,*,*,*,*,*,*,*,▓.▓.▓)▓.▓.▓.▓_▓


You could see Saint Roka and 3 orcs.

Vanquished Creatures
  A fire giant (D)
  2 fire dragons (D)
  An ettin (D)
  2 ogre magi (D)
  A rakshasa (D)
  A hydra (D)
  3 centaur warriors (D)
  A deep troll earth mage (D)
  A skyshark (D)
  3 deep trolls (D)
  A wizard (D)
  A manticore (shapeshifter) (D)
  2 orc knights (D)
  2 orc sorcerers (D)
  2 ugly things (D)
  A deep elf pyromancer (D)
  A manticore (D)
  An elephant (D)
  2 cyclopes (D)
  3 black mambas (D)
  3 cane toads (D)
  A kobold demonologist (D)
  A komodo dragon (D)
  An efreet (D)
  A tengu conjurer (D)
  6 polar bears (D)
  8 trolls (D)
  A blink frog (D)
  A slime creature (D)
  A wraith (D)
  A wyvern (D)
  5 water moccasins (D)
  11 orc warriors (D)
  2 black bears (D)
  An ogre (D)
  A wolf (D)
  A howler monkey (D)
  A hound (D)
  3 orc priests (D)
  A gnoll bouda (D)
  An iguana (D)
  5 orc wizards (D)
  A hell rat (D)
  A gnoll (D)
  8 orcs (D)
  A ball python (D)
  2 endoplasms (D)
  A giant cockroach (D)
  A goblin (D)
104 creatures vanquished.

Notes
Turn   | Place    | Note
-------+----------+-------------------------------------------
     0 | D        | Heoruswealwe the Minotaur Fighter began the quest for the
                  | Orb.
     0 | D        | Reached XP level 1. HP: 19/19 MP: 0/0
     6 | D        | Reached skill level 3 in Polearms
    17 | D        | Reached skill level 4 in Polearms
    33 | D        | Noticed a hound
    33 | D        | Noticed an iguana
    33 | D        | Noticed a water moccasin
    33 | D        | Noticed an ogre
    38 | D        | Reached XP level 2. HP: 25/28 MP: 1/1
    41 | D        | Killed an ogre
    42 | D        | Reached skill level 8 in Polearms
    42 | D        | Reached XP level 3. HP: 36/38 MP: 2/2
    42 | D        | Reached XP level 4. HP: 43/45 MP: 3/3
    52 | D        | Killed a water moccasin
    53 | D        | Reached skill level 10 in Polearms
    53 | D        | Reached XP level 5. HP: 24/53 MP: 4/4
    71 | D        | Found a snail-covered altar of Cheibriados.
    71 | D        | Found a shadowy altar of Dithmenos.
    71 | D        | Found a white marble altar of Elyvilon.
    71 | D        | Found a blossoming altar of Fedhas.
    71 | D        | Found an opulent altar of Gozag.
    72 | D        | Found a hazy altar of Hepliaklqana.
    73 | D        | Found a viscous altar of Jiyva.
    74 | D        | Found an ancient bone altar of Kikubaaqudgha.
    75 | D        | Found a corrupted altar of Lugonu.
    76 | D        | Found a burning altar of Makhleb.
    77 | D        | Found a sparkling altar of Nemelex Xobeh.
    78 | D        | Found an iron altar of Okawaru.
    79 | D        | Became a worshipper of Gozag Ym Sagoz the Greedy
    80 | D        | Found a stormy altar of Qazlal.
    81 | D        | Found a sacrificial altar of Ru.
    82 | D        | Found a shimmering blue altar of Sif Muna.
    83 | D        | Found a bloodstained altar of Trog.
    84 | D        | Found a hide-covered altar of Uskayaw.
    85 | D        | Found a radiant altar of Vehumet.
    86 | D        | Found an ornate altar of the Wu Jian Council.
    87 | D        | Found a shimmering altar of Xom.
    88 | D        | Found a basalt altar of Yredelemnul.
    89 | D        | Found a glowing silver altar of Zin.
    90 | D        | Found a glowing golden altar of the Shining One.
   141 | D        | Noticed a kobold demonologist
   141 | D        | Noticed a wraith
   147 | D        | Killed a wraith
   148 | D        | Reached skill level 12 in Polearms
   148 | D        | Reached XP level 6. HP: 37/63 MP: 5/5
   176 | D        | Killed a kobold demonologist
   177 | D        | Reached skill level 10 in Fighting
   177 | D        | Reached skill level 13 in Polearms
   177 | D        | Reached skill level 10 in Armour
   177 | D        | Reached XP level 7. HP: 54/73 MP: 6/6
   179 | D        | Reached skill level 14 in Polearms
   235 | D        | Noticed an efreet
   235 | D        | Noticed a manticore
   235 | D        | Noticed a slime creature
   235 | D        | Noticed a cyclops
   235 | D        | Noticed a cyclops
   238 | D        | Killed a cyclops
   239 | D        | Reached skill level 15 in Polearms
   239 | D        | Reached XP level 8. HP: 82/82 MP: 7/7
   242 | D        | Killed a cyclops
   246 | D        | Killed a slime creature
   247 | D        | Reached skill level 16 in Polearms
   251 | D        | Killed a manticore
   252 | D        | Reached XP level 9. HP: 21/92 MP: 8/8
   256 | D        | Reached skill level 17 in Polearms
   258 | D        | Killed an efreet
   585 | D        | Noticed a komodo dragon
   585 | D        | Noticed a black mamba
   585 | D        | Noticed a cane toad
   587 | D        | Noticed a six-headed hydra
   591 | D        | Killed a cane toad
   594 | D        | Reached skill level 18 in Polearms
   598 | D        | Killed a black mamba
   606 | D        | HP: 3/95 [komodo dragon (25)]
   608 | D        | Killed a komodo dragon
   609 | D        | Reached skill level 19 in Polearms
   617 | D        | Killed a 12-headed hydra
   618 | D        | Reached XP level 10. HP: 76/104 MP: 9/9
   753 | D        | Noticed a cane toad
   753 | D        | Noticed an elephant
   753 | D        | Noticed a skyshark
   760 | D        | Noticed a black mamba
   765 | D        | Killed a skyshark
   766 | D        | Reached skill level 15 in Fighting
   766 | D        | Reached skill level 20 in Polearms
   766 | D        | Reached skill level 15 in Armour
   768 | D        | Noticed a black mamba
   776 | D        | Killed an elephant
   782 | D        | Killed a cane toad
   788 | D        | Killed a black mamba
   794 | D        | Killed a black mamba
   795 | D        | Reached skill level 21 in Polearms
   795 | D        | Noticed a cane toad
   800 | D        | Killed a cane toad
  1010 | D        | Reached XP level 11. HP: 103/115 MP: 10/10
  1022 | D        | Reached skill level 22 in Polearms
  1476 | D        | Noticed an orc knight
  1476 | D        | Noticed an orc knight
  1479 | D        | Noticed an orc sorcerer
  1481 | D        | Killed an orc knight
  1486 | D        | Noticed an orc sorcerer
  1492 | D        | Killed an orc knight
  1502 | D        | Killed an orc sorcerer
  1507 | D        | Killed an orc sorcerer
  1508 | D        | Reached skill level 23 in Polearms
  1719 | D        | Found Vujipak's Book Boutique.
  1719 | D        | Noticed a deep troll
  1719 | D        | Noticed an ogre mage
  1729 | D        | Killed an ogre mage
  1734 | D        | Killed a deep troll
  1756 | D        | Reached skill level 24 in Polearms
  1756 | D        | Found Zeppirgh's Book Shop.
  1765 | D        | Noticed a deep troll
  1822 | D        | Killed a deep troll
  2114 | D        | Noticed a deep troll
  2122 | D        | Killed a deep troll
  2127 | D        | Found Raisuor's Weapon Boutique.
  2145 | D        | Found Awiypp's Magic Scroll Shop.
  2152 | D        | Noticed an ogre mage
  2201 | D        | Killed an ogre mage
  2257 | D        | Bought a scroll of enchant armour for 82 gold pieces
  2257 | D        | Bought a scroll of magic mapping for 82 gold pieces
  2257 | D        | Bought a scroll of butterflies for 44 gold pieces
  2257 | D        | Bought a scroll of identify for 22 gold pieces
  2257 | D        | Bought a scroll of identify for 22 gold pieces
  2257 | D        | Bought a scroll of blinking for 82 gold pieces
  2257 | D        | Bought a scroll of enchant armour for 82 gold pieces
  2257 | D        | Bought a scroll of blinking for 82 gold pieces
  2282 | D        | Bought a scroll of identify for 32 gold pieces
  2282 | D        | Bought a scroll of enchant armour for 120 gold pieces
  2282 | D        | Bought a wand of paralysis (6) for 230 gold pieces
  2285 | D        | Bought a warped halberd for 243 gold pieces
  2285 | D        | Identified the +9 halberd "Fuawn" {freeze, rN+ Int+2} (You
                  | bought it in a shop in the Dungeon)
  2293 | D        | Bought a phial of floods for 1280 gold pieces
  2293 | D        | Bought a scroll of identify for 64 gold pieces
  2293 | D        | Bought a phantom mirror for 1280 gold pieces
  2296 | D        | Bought a box of beasts for 480 gold pieces
  2296 | D        | Bought a scroll of magic mapping for 90 gold pieces
  2296 | D        | Bought a potion of flight for 36 gold pieces
  2296 | D        | Bought a piece from Xom's chessboard (15/15) for 240 gold
                  | pieces
  2296 | D        | Bought a wand of roots (4) for 115 gold pieces
  2517 | D        | Got the +6 plate armour of Oblivion {Dex+5}
  2537 | D        | Noticed a deep elf pyromancer
  2537 | D        | Noticed a centaur warrior
  2537 | D        | Noticed a red ugly thing
  2537 | D        | Noticed a red ugly thing
  2539 | D        | Killed a red ugly thing
  2540 | D        | Reached XP level 12. HP: 128/128 MP: 11/11
  2542 | D        | Reached skill level 25 in Polearms
  2543 | D        | Killed a centaur warrior
  2547 | D        | Noticed a centaur warrior
  2551 | D        | Noticed a centaur warrior
  2552 | D        | Noticed a fire dragon
  2556 | D        | Noticed an ettin
  2559 | D        | Noticed a fire giant
  2565 | D        | Killed a centaur warrior
  2567 | D        | Noticed a fire dragon
  2571 | D        | Killed a centaur warrior
  2572 | D        | Noticed a deep troll earth mage
  2575 | D        | Killed a fire dragon
  2576 | D        | Noticed a rakshasa
  2585 | D        | Killed a fire giant
  2586 | D        | Reached skill level 26 in Polearms
  2589 | D        | Killed an ettin
  2595 | D        | Killed a fire dragon
  2599 | D        | Killed a deep troll earth mage
  2611 | D        | Killed a rakshasa
  2953 | D        | Noticed Saint Roka
  2967 | D        | Slain by Saint Roka

Illustrated notes

Levels and vault maps discovered:
D:        linesprint [early_d, line_temple, items_1, d_10, items_2, lair_1,
          lair_end, items_3, orc_1, orc_end, items_4, d_15, swamp_1, shoals_1,
          snake_1, spider_1, d_20, vaults_1, items_5, swamp_end, shoals_end,
          snake_end, spider_end, vaults_end, d_27, items_6, zot_1, zot_end,
          crypt_end, forest_end, elf_end, slime_end, tomb_end, abyss_end,
          pan_hell_end]

Skill      XL: |  1  2  3  4  5  6  7  8  9 10 11 12 |
---------------+-------------------------------------+-----
Polearms       | 4 8 10 12 13 15 16 19 21 24 26 | 26.9
Fighting       | 4 6 7 9 10 11 12 14 16 18 20 | 20.1
Armour         | 4 6 7 9 10 11 12 14 16 18 20 | 20.1
Shields        | |  3.6

Action                     |  1- 3 |  4- 6 |  7- 9 | 10-12 || total
---------------------------+-------+-------+-------+-------++-------
  Melee: Trident           |    20 |    21 |       |       ||    41
         Headbutt          |       |     5 |    16 |    58 ||    79
         Halberd           |       |    25 |    52 |   212 ||   289
         Bardiche          |       |       |       |    67 ||    67
 Invoke: Call Merchant     |       |       |       |     4 ||     4
    Use: Potion            |       |     5 |     4 |     6 ||    15
         Scroll            |       |       |       |     3 ||     3
   Stab: Distracted        |       |       |       |     5 ||     5
 Armour: Scale mail        |     4 |     2 |       |       ||     6
         Ring mail         |       |    11 |     8 |    21 ||    40
         Plate armour      |       |       |       |    71 ||    71
  Dodge: Dodged            |     9 |    14 |    14 |    74 ||   111
  Block: Buckler           |     2 |     4 |       |       ||     6
